 Dungeon Crawl Stone Soup version 0.32-a0-290-g598725c5f2 (webtiles) character file.

Game seed: 13370385133842155732

2 Bravepunisher the Ducker (level 1, -3/11 HPs)
             Began as a Spriggan Monk on Feb 13, 2024.
             Killed by divine providence
             ... invoked by an orc priest
              (14 damage)
             ... on level 4 of the Dungeon.
             The game lasted 00:00:43 (132 turns).

Bravepunisher the Ducker (Spriggan Monk)             Turns: 132, Time: 00:00:44

Health: -3/11      AC:  2    Str:  7    XL:     1   Next: 25%
Magic:  2/2        EV: 18    Int: 11    God:
Gold:   0          SH:  0    Dex: 17    Spells: 0/0 levels left

rFire   . . .        a - +0 short sword
rCold   . . .        (no shield)
rNeg    . . .        b - +0 robe
rPois   .            (helmet restricted)
rElec   .            (no cloak)
rCorr   .            (gloves unavailable)
SInv    +            (boots unavailable)
Will    .....        (no amulet)
Stlth   ++           (no ring)
HPRegen 0.21/turn    (no ring)
MPRegen 0.08/turn

%: no passive effects
@: very quick
A: very small, no large weapons, unfitting armour, see invisible, speed 3
a: Convert to Beogh


You were on level 4 of the Dungeon.
You visited 1 branch of the dungeon, and saw 4 of its levels.

Inventory:

Hand Weapons
 a - a +0 short sword (weapon)
Armour
 b - a +0 robe (worn)
Potions
 c - a potion of ambrosia


   Skills:
 + Level 2.4 Fighting
 - Level 3.2 Short Blades
 * Level 4.1 Dodging


You couldn't memorise any spells.
You didn't know any spells.
Your spell library was empty.

Dungeon Overview and Level Annotations

Branches:
Dungeon (4/15)
 Temple: D:4-7

Altars:


Innate Abilities, Weirdness & Mutations

You are very small and have problems with some larger weapons.
You are too small for most types of armour.
You have supernaturally acute eyesight. (SInv)
You cover ground extremely quickly. (Speed+++)


Message History

There is a stone staircase leading down here.
You climb downwards.
There is a stone staircase leading up here.
Found an escape hatch in the ceiling.
An endoplasm comes into view.
Found a stone staircase leading up.
Found 6 stones.
A rat comes into view.
The rat squeaks loudly.
An adder comes into view.
An orc comes into view. It is wielding a +0 hand axe.
Found a scroll labelled ATAENL JYIMP.
The orc shouts!
The adder hisses angrily.
The orc moves out of view.
The adder misses you.
Found 5 stones.
Found a stone staircase leading down.
A ball python comes into view.
The ball python hisses angrily.
A ribbon worm comes into view.
There is a stone staircase leading down here.
The ball python misses you. The ball python closely misses you.
You climb downwards.
The goblin shouts!
Found a fizzy blue potion.
There is a stone staircase leading up here.
You see here a fizzy blue potion.
An orc comes into view. It is wielding a +0 mace.
The orc shouts!
An orc priest comes into view. It is wielding a +0 short sword.
The orc priest shouts!
An orc comes into view. It is wielding a +0 whip.
The orc shouts!
You aren't carrying any scrolls.
An orc comes into view. It is wielding a +0 flail.
An orc comes into view. It is wielding a +0 dagger.
The orc shouts!
The orc priest mumbles some strange prayers to Beogh against you.
Beogh smites you!
Ouch! That really hurt!
You die...

#.# #.# #.# #.#
#.# ####.# #.g..#
##.#### ##@..##
##.....##
##.......##
#.....o...#####o#
#........o.o.o.o#
#.........#######
##.......##
##.....## ##...##


You could see an orc priest, 2 orcs and a goblin.

Vanquished Creatures
  A hobgoblin (D:1)
1 creature vanquished.

Notes
Turn   | Place    | Note
-------+----------+-------------------------------------------
     0 | D:1      | Bravepunisher the Spriggan Monk began the quest for the
                  | Orb.
     0 | D:1      | Reached XP level 1. HP: 11/11 MP: 2/2
   106 | D:4      | Noticed a bombardier beetle
   123 | D:4      | Noticed an orc priest
   132 | D:4      | Killed from afar by an orc priest

Illustrated notes

Levels and vault maps discovered:
D:1:      dpeg_arrival_shrine, layout_loops_ring
D:2:      minmay_diamond_boxcup, layout_basic, minmay_snake_closets,
          uniq_terence
D:3:      layout_basic, mainiacjoe_overflow_paths, chequers_decorated_corner
D:4:      layout_loops_cross, mainiacjoe_overflow_small_starburst,
          nicolae_overflow_hidden_temple, dancing_weapons_uskayaw, serial_shops,
          kennysheep_little_box, uniq_duvessa

Action                     || total
---------------------------++-------
  Melee: Short sword       ||     2
   Stab: Sleeping          ||     1
 Armour: Robe              ||     1
  Dodge: Dodged            ||     4

Table legend: (Time is in decaauts)
 A = Elapsed time spent in this place.
 B = Non-inter-level travel time spent in this place.
 C = Inter-level travel time spent in this place.
 D = Time resting spent in this place.
 E = Time spent auto-exploring this place.
 F = Levels seen in this place.
 G = Mean time per level.
                   A        B        C        D        E       F      G
               +--------+--------+--------+--------+--------+-----+--------+
         Total |     90 |     90 |      0 |      0 |     24 |   4 |   22.5 |
       Dungeon |     90 |     90 |      0 |      0 |     24 |   4 |   22.5 |
               +--------+--------+--------+--------+--------+-----+--------+

Top non-repeatable levels by time:
     D:1: 35 daAuts
     D:3: 33 daAuts
     D:4: 15 daAuts
     D:2: 5 daAuts
